[Event "*** SCC Grand Prix: Titled Tuesday Blitz"]
[Site "Chess.com"]
[Date "2020.08.25"]
[Round "8"]
[White "BjarkeSahl"]
[Black "ljuks68"]
[Result "0-1"]
[WhiteElo "2310"]
[BlackElo "2443"]
[TimeControl "180+1"]
[EndTime "11:35:25 PDT"]
[Termination "ljuks68 won by resignation"]

1. e4 e6 2. d4 d5 3. e5 c5 4.
c3 Nc6 5. Nf3 Qb6 6. a3 c4 7.
Nbd2 Na5 8. g3 Bd7 9. Nh4 Be7 10.
Ng2 Nh6 11. Ne3 f6 12. Qh5+ Nf7 13. exf6 gxf6 14. Bh3 Rf8 15. O-O O-O-O 16. f4 Nd6 17. Bg2 f5 18. Bxd5 exd5 19. Nxd5 Qb5 20. Nxe7+ Kb8 21.
Re1 Rde8 22. Re5 Qa6 23. Nd5 Bc6 24. Ne3 Rxe5 25. dxe5 Ne4 26. Qe2 Rd8 27. Nxf5 Qb6+ 28. Ne3 Nxd2 29. Bxd2 Nb3 0-1

[Event "*** SCC Grand Prix: Titled Tuesday Blitz"]
[Site "Chess.com"]
[Date "2020.08.25"]
[Round "8"]
[White "Dannyyi"]
[Black "Panterov"]
[Result "1-0"]
[WhiteElo "2369"]
[BlackElo "2012"]
[TimeControl "180+1"]
[EndTime "11:35:25 PDT"]
[Termination "Dannyyi won by resignation"]

1. e4 e6 2. c4 d5 3. cxd5 exd5 4. Qb3 Nf6 5. e5 Ne4 6. Nc3 Nxc3 7. bxc3 Be7 8. d4 O-O 9. Bd3 c5 10. Qc2 h6 11.
Nf3 Nc6 12. O-O Bg4 13. Be3 Bxf3 14. gxf3 Rc8 15. Bf5 Rc7 16. Qd2 Na5 17. Bxh6 Rc6 18. Bxg7 Kxg7 19. Kh1 Rh8 20. Rg1+ Kf8 21. Rg2 Rch6 22.
Rag1 Bg5 23. f4 Nc4 24. Qc1 Bh4 25. Bd3 Qd7 26. f5 Qe7 27. Qxh6+ 1-0

[Event "*** SCC Grand Prix: Titled Tuesday Blitz"]
[Site "Chess.com"]
[Date "2020.08.25"]
[Round "8"]
[White "Sophist4Life"]
[Black "Lion-Al-Messi"]
[Result "0-1"]
[WhiteElo "2445"]
[BlackElo "2571"]
[TimeControl "180+1"]
[EndTime "11:35:28 PDT"]
[Termination "Lion-Al-Messi won by resignation"]

1. d4 d5 2. c4 c6 3. Nf3 Nf6 4.
Nc3 dxc4 5. a4 Bf5 6. e3 e6 7. Bxc4 Bb4 8. Ne5 O-O 9. f3 c5 10. Qb3 a5 11. dxc5 Na6 12. Bxa6 Rxa6 13. O-O Bxc5 14.
Kh1 Rb6 15. Qc4 Qc7 16. Nd3 Bxd3 17. Qxd3 Rd8 18. Qc2 Bb4 19. e4 Rc6 20. Bd2 h6 21. Rac1 Nh5 22. f4 Bxc3 23. bxc3 Nf6 24. f5 e5 25. Be3 Rc4 26. Rb1 Rxc3 27. Qf2 Ng4 28.
Qh4 Nxe3 29. f6 Nxf1 30. Qg4 g6 31. Qh4 Ne3 32. Rg1 Rc1 33. h3 Rxg1+ 34. Kxg1 Qc1+ 35. Kh2 Nf1+ 0-1

[Event "*** SCC Grand Prix: Titled Tuesday Blitz"]
[Site "Chess.com"]
[Date "2020.08.25"]
[Round "8"]
[White "suyu28"]
[Black "Vsevolod_Ovchinnikov"]
[Result "0-1"]
[WhiteElo "2625"]
[BlackElo "2453"]
[TimeControl "180+1"]
[EndTime "11:35:32 PDT"]
[Termination "Vsevolod_Ovchinnikov won by resignation"]

1. d4 Nf6 2. c4 g6 3. Nc3 d5 4. e3 Bg7 5. Qb3 c6 6. Nf3 O-O 7. Be2 dxc4 8. Bxc4 b5 9. Be2 Be6 10. Qc2 h6 11. e4 Nbd7 12. O-O Rc8 13. h3 Nb6 14.
Rd1 b4 15. Na4 Nxa4 16. Qxa4 Nxe4 17. Qxb4 Rb8 18. Qa3 Qd6 19. Qxd6 Nxd6 20. b3 c5 21. Ba3 Ne4 22. Rac1 cxd4 23. Nxd4 Bxd4 24. Rxd4 Nd6 25. Rxd6 exd6 26. Bxd6 Rbc8 27. Re1 Rfd8 28. Bf4 g5 29. Be5 Rd2 30. Ba6 Rcd8 31. Re3 Rxa2 32. Bf6 Rd1+ 33. Kh2 Rxa6 0-1

[Event "*** SCC Grand Prix: Titled Tuesday Blitz"]
[Site "Chess.com"]
[Date "2020.08.25"]
[Round "8"]
[White "Quiet_Desperation"]
[Black "ShadowJolteon"]
[Result "1-0"]
[WhiteElo "2291"]
[BlackElo "2423"]
[TimeControl "180+1"]
[EndTime "11:35:34 PDT"]
[Termination "Quiet_Desperation won by resignation"]

1. Nf3 d5 2. b3 c5 3. e3 Nc6 4. Bb2 Nf6 5. Bb5 Bd7 6. O-O e6 7. Bxc6 Bxc6 8. Ne5 Bd6 9. f4 Qc7 10. d3 O-O-O 11. Nd2 Rdf8 12. c4 Rhg8 13. a3 Nd7 14. Nxc6 Qxc6 15. b4 f6 16. bxc5 Bxc5 17. d4 Bb6 18. Rc1 Kb8 19. cxd5 Qxd5 20. Kh1 g5 21. e4 Qd6 22. Nc4 Qe7 23. f5 Rc8 24. Qb3 exf5 25.
e5 f4 26. Nd6 Rcd8 27. Qd5 Nf8 28. Qxg8 a6 29. Qb3 Ba7 30. Rc2 fxe5 31. dxe5 Ne6 32. Rfc1 Be3 33. Rc7 1-0

[Event "*** SCC Grand Prix: Titled Tuesday Blitz"]
[Site "Chess.com"]
[Date "2020.08.25"]
[Round "8"]
[White "ChessSwole"]
[Black "salomez"]
[Result "1-0"]
[WhiteElo "2449"]
[BlackElo "2236"]
[TimeControl "180+1"]
[EndTime "11:35:38 PDT"]
[Termination "ChessSwole won on time"]

1. d4 Nf6 2. Bf4 d5 3. e3 g6 4. Nc3 Bg7 5. h4 c6 6. Nf3 O-O 7. Ne5 Nbd7 8. h5 Ne8 9. hxg6 hxg6 10. Bd3 Nef6 11. Ng4 Nh5 12. Nh6+ Bxh6 13. Bxh6 Ng7 14. Qd2 e5 15. e4 exd4 16. Bxg7 Kxg7 17. Qh6+ Kf6 18.
e5+ Nxe5 19. Qf4+ Ke6 20. O-O-O dxc3 21. Rde1 Qf6 22. Qh6 cxb2+ 23. Kb1 Bd7 24. f4 Rh8 25. fxe5 Qf2 26. Qg5 Rxh1 27. Rxh1 Re8 28. Rf1 1-0

[Event "*** SCC Grand Prix: Titled Tuesday Blitz"]
[Site "Chess.com"]
[Date "2020.08.25"]
[Round "8"]
[White "Gurvich_Vitaly"]
[Black "SGchess01"]
[Result "1/2-1/2"]
[WhiteElo "2621"]
[BlackElo "2731"]
[TimeControl "180+1"]
[EndTime "11:35:40 PDT"]
[Termination "Game drawn by repetition"]

1. e4 g6 2. d4 Bg7 3. c4 d6 4. Nc3 Nc6 5. Nge2 e5 6. Be3 Nh6 7. f3 f5 8. d5 Ne7 9. Qd2 Nf7 10.
g3 O-O 11. Bg2 f4 12. Bf2 g5 13. g4 Ng6 14. c5 dxc5 15. Bxc5 Nd6 16. Bf2 Rf7 17. O-O-O Bf8 18. Qe1 Be7 19. Kb1 Bd7 20.
Nc1 h6 21. Nd3 b6 22. Nb4 Rh7 23. Nc6 Qe8 24. Nxe7+ Qxe7 25. h4 gxh4 26. Bxh4 Nxh4 27. Rxh4 Kh8 28. Qh1 Nf7 29. Rh5 Rg8 30. Bf1 Rg5 31.
Be2 Rxh5 32. Qxh5 Qg5 33. Qh2 h5 34. gxh5 Rxh5 35. Qf2 Qg3 36. Qxg3 fxg3 37. Rg1 Rg5 38. Kc2 Kg7 39. Kd2 Nh8 40. Bf1 Ng6 41. Ne2 Nh4 42.
Rxg3 Rxg3 43. Nxg3 Nxf3+ 44. Ke3 Nd4 45. Bd3 Kf6 46. Ne2 Nxe2 47. Bxe2 Kg5 48. a3 Kh4 49.
Kf2 Kg5 50. Ke3 Kh4 51. Kf2 Kg5 52. Ke3 1/2-1/2

[Event "*** SCC Grand Prix: Titled Tuesday Blitz"]
[Site "Chess.com"]
[Date "2020.08.25"]
[Round "8"]
[White "Meri-Arabidze"]
[Black "Barmen_EV"]
[Result "1-0"]
[WhiteElo "2596"]
[BlackElo "2456"]
[TimeControl "180+1"]
[EndTime "11:35:40 PDT"]
[Termination "Meri-Arabidze won by checkmate"]

1. d4 d5 2. c4 e6 3. Nf3 Nf6 4.
Nc3 Bb4 5. Bg5 h6 6. Bxf6 Qxf6 7.
Qa4+ Nc6 8. e3 O-O 9. Be2 Rd8 10. O-O Bd7 11. Qc2 dxc4 12. Bxc4 Na5 13. Ne4 c5 14. Nxf6+ gxf6 15. Bd3 c4 16. Be2 b5 17. Rac1 Rac8 18.
e4 Bd6 19. e5 Be7 20. exf6 Bxf6 21. Qe4 Nc6 22. Ne5 Be8 23. Qg4+ Kf8 24. Nxc6 Bxc6 25. Rfd1 Rd5 26. Bf3 Rg5 27. Qh3 Bd7 28. Qxh6+ Ke7 29. d5 Rg6 30. d6+ Kd8 31. Qf8+ Be8 32. d7 Kc7 33.
dxc8=Q+ Kxc8 34. Qxe8+ Kc7 35. Rd7+ Kb6 36. Qb8+ Ka5 37.
Qxa7+ Kb4 38. Qa3# 1-0

[Event "*** SCC Grand Prix: Titled Tuesday Blitz"]
[Site "Chess.com"]
[Date "2020.08.25"]
[Round "8"]
[White "ThePatrick27"]
[Black "kngopal"]
[Result "0-1"]
[WhiteElo "2447"]
[BlackElo "2303"]
[TimeControl "180+1"]
[EndTime "11:35:41 PDT"]
[Termination "kngopal won by resignation"]

1. d4 d5 2. Nf3 c6 3. c4 e6 4. Nc3 Nf6 5. cxd5 exd5 6. Bg5 Be7 7. e3 Bf5 8. Be2 Nbd7 9. O-O O-O 10. a3 Ne4 11. Nxe4 dxe4 12. Bxe7 Qxe7 13. Nd2 Rad8 14. Qa4 a6 15. Rac1 Rfe8 16. b4 Nb6 17. Qa5 Nd5 18.
Rc2 Rd6 19. Rfc1 Rg6 20. Nf1 Qh4 21. Ng3 Rh6 22. h3 Be6 23. Bc4 Nxe3 24. Bxe6 Nxc2 25.
Nf5 Qf4 26. Nxh6+ gxh6 27. Bxf7+ Qxf7 28. Rxc2 e3 29. fxe3 Rxe3 30. Rf2 Re1+ 31. Kh2 Qxf2 32. Qd8+ Kg7 33. Qc7+ Kg6 34. Qd6+ Kf7 35. Qc7+ Re7 0-1

[Event "*** SCC Grand Prix: Titled Tuesday Blitz"]
[Site "Chess.com"]
[Date "2020.08.25"]
[Round "8"]
[White "Saxar85"]
[Black "Bulldog167"]
[Result "0-1"]
[WhiteElo "2771"]
[BlackElo "2705"]
[TimeControl "180+1"]
[EndTime "11:35:42 PDT"]
[Termination "Bulldog167 won by resignation"]

1. Nf3 Nf6 2. g3 b6 3. Bg2 Bb7 4.
O-O c5 5. d3 g6 6. b3 Bg7 7.
Bb2 O-O 8. c4 d6 9. Nc3 Nbd7 10.
e4 Ng4 11. d4 cxd4 12. Nxd4 Nge5 13. Nd5 e6 14. Ne3 Nc5 15. Qc2 Ned3 16. Bc3 a5 17. Rad1 Nb4 18. Qb1 Qe7 19. a3 Nc6 20. Nxc6 Bxc6 21.
Bxg7 Kxg7 22. b4 axb4 23. axb4 Na4 24. Qb3 b5 25. e5 d5 26. cxd5 exd5 27. Nxd5 Qxe5 28.
Rfe1 Qb2 29. Qd3 Bxd5 30. Bxd5 Rad8 31. Qe3 Rfe8 32. Qf4 Rxe1+ 33. Rxe1 Rxd5 0-1

[Event "*** SCC Grand Prix: Titled Tuesday Blitz"]
[Site "Chess.com"]
[Date "2020.08.25"]
[Round "8"]
[White "alfiefischer77"]
[Black "biostatistician"]
[Result "0-1"]
[WhiteElo "2302"]
[BlackElo "2488"]
[TimeControl "180+1"]
[EndTime "11:35:44 PDT"]
[Termination "biostatistician won on time"]

1. e4 e6 2. Nf3 d5 3. Nc3 Nf6 4. e5 Ne4 5. d3 Nxc3 6. bxc3 c5 7. g3 Be7 8. Bg2 O-O 9. O-O Nc6 10. h4 b6 11. Re1 Bb7 12. Bg5 Qd7 13. Qd2 d4 14. c4 a6 15. Rab1 Qc7 16. Nh2 Rab8 17. Ng4 Ba8 18. Nf6+ Kh8 19. Qf4 Nb4 20. Nh5 Bxg2 21.
Kxg2 Nxc2 22. Bf6 Nxe1+ 23. Rxe1 gxf6 24. Qh6 Rg8 25. exf6 Bf8 0-1

[Event "*** SCC Grand Prix: Titled Tuesday Blitz"]
[Site "Chess.com"]
[Date "2020.08.25"]
[Round "8"]
[White "QueenOfTactics90"]
[Black "larisakalinina"]
[Result "1-0"]
[WhiteElo "1976"]
[BlackElo "1967"]
[TimeControl "180+1"]
[EndTime "11:35:44 PDT"]
[Termination "QueenOfTactics90 won on time"]

1. e4 c5 2. Nf3 Nc6 3. d4 cxd4 4. Nxd4 Nf6 5. f3 d6 6. c4 e6 7. Nc3 Be7 8. Be3 O-O 9. Be2 a6 10. O-O Qc7 11. Rc1 Nxd4 12. Bxd4 Bd7 13. Qe1 Bc6 14.
g4 Kh8 15. Qg3 Nd7 16. h4 Bf6 17. Be3 Be5 18. f4 Bxc3 19. Rxc3 Bxe4 20. f5 Ne5 21. Bf4 exf5 22. c5 f6 23. gxf5 dxc5 24. Rd1 Bxf5 25. b4 b6 26. Rdc1 Qa7 27. Bxe5 fxe5 28. Qxe5 Rae8 29. Qh2 1-0

[Event "*** SCC Grand Prix: Titled Tuesday Blitz"]
[Site "Chess.com"]
[Date "2020.08.25"]
[Round "8"]
[White "crackcubano"]
[Black "ShimanovAlex"]
[Result "0-1"]
[WhiteElo "2651"]
[BlackElo "2773"]
[TimeControl "180+1"]
[EndTime "11:35:45 PDT"]
[Termination "ShimanovAlex won on time"]

1. Nf3 e6 2. c4 g5 3. h3 Bg7 4.
d4 h6 5. Nc3 d6 6. e4 Ne7 7. Be2 Ng6 8. g3 Nc6 9. Be3 O-O 10. h4 g4 11. Nh2 h5 12. Qd2 f5 13.
O-O-O Qf6 14. exf5 exf5 15. Nd5 Qf7 16. Nf4 Nxf4 17.
gxf4 d5 18. Nf1 Be6 19. Ng3 a5 20. Kb1 Rfd8 21. c5 b6 22. Rc1 Rab8 23. a3 Bf8 24. cxb6 Rxb6 25. Rc2 Bxa3 26. Rxc6 Rxb2+ 27. Qxb2 Bxb2 28. Kxb2 Rb8+ 29. Kc2 Qd7 30. Rc3 Qa4+ 31. Kd3 Rb2 0-1

[Event "*** SCC Grand Prix: Titled Tuesday Blitz"]
[Site "Chess.com"]
[Date "2020.08.25"]
[Round "8"]
[White "Justinz"]
[Black "Moon_stone123"]
[Result "0-1"]
[WhiteElo "2396"]
[BlackElo "2526"]
[TimeControl "180+1"]
[EndTime "11:35:47 PDT"]
[Termination "Moon_stone123 won by resignation"]

1. e4 c5 2. Nf3 d6 3. d4 cxd4 4. Nxd4 Nf6 5. Nc3 g6 6. Be3 Bg7 7. f3 Nc6 8. Qd2 O-O 9. O-O-O Nxd4 10. Bxd4 Be6 11. Kb1 Qc7 12. g4 Rfc8 13. h4 Qa5 14.
a3 Rab8 15. h5 b5 16. hxg6 hxg6 17. g5 Nh5 18. Bxg7 Kxg7 19. Qd4+ Kg8 20. Rxh5 gxh5 21. Nd5 Bxd5 22. Qxd5 Rc5 23. Qb3 Qa4 24. f4 Qxb3 25.
cxb3 Rbc8 26. Bd3 Kg7 27. b4 Rc4 28. Bxc4 Rxc4 29. Re1 Kg6 30. b3 Rc3 31. Kb2 Rf3 32.
f5+ Kxg5 33. a4 a6 34. Rd1 h4 35. Rd5 h3 36. axb5 axb5 37. Rxb5 Rf4 38. f6+ Kxf6 39.
Rh5 Rxe4 40. Ka3 Re3 41. b5 Ke6 42. b6 Kd7 43. Ka4 Kc6 44. b4 Kxb6 45. Rh7 Rf3 0-1

[Event "*** SCC Grand Prix: Titled Tuesday Blitz"]
[Site "Chess.com"]
[Date "2020.08.25"]
[Round "8"]
[White "David_Paravyan"]
[Black "VincentKeymer"]
[Result "0-1"]
[WhiteElo "2969"]
[BlackElo "2832"]
[TimeControl "180+1"]
[EndTime "11:35:48 PDT"]
[Termination "VincentKeymer won by resignation"]

1. d4 Nf6 2. c4 e6 3. Nf3 d5 4. Nc3 c6 5. Bg5 h6 6. Bh4 dxc4 7. e4 g5 8. Bg3 b5 9. Be2 Bb7 10. h3 Nbd7 11. O-O a6 12. Qc2 c5 13. d5 Bg7 14.
Bd6 Qb6 15. e5 Nxd5 16. a4 Bf8 17. Ne4 Nf4 18. axb5 axb5 19. Rxa8+ Bxa8 20. Ra1 Bxe4 21. Qxe4 Bxd6 22. exd6 Qxd6 23. Ra8+ Nb8 24. Bf1 O-O 25.
Qb7 Nc6 26. Ra6 Qd1 27. Qxc6 Ne2+ 28. Kh2 Qxf1 29. Qxc5 Nf4 30. Ne1 Qxe1 0-1

[Event "*** SCC Grand Prix: Titled Tuesday Blitz"]
[Site "Chess.com"]
[Date "2020.08.25"]
[Round "8"]
[White "Alexsur1981"]
[Black "Harsha_Bharathakoti"]
[Result "1-0"]
[WhiteElo "2690"]
[BlackElo "2802"]
[TimeControl "180+1"]
[EndTime "11:35:48 PDT"]
[Termination "Alexsur1981 won by resignation"]

1. e4 c6 2. Nc3 d5 3. Qe2 dxe4 4. Nxe4 Nf6 5. Nxf6+ gxf6 6. b3 Bf5 7. Bb2 Nd7 8.
O-O-O Qc7 9. g3 O-O-O 10. Bh3 Bxh3 11. Nxh3 e6 12. f4 h5 13. f5 e5 14. Nf2 Nc5 15. d3 h4 16. g4 Bh6+ 17. Kb1 Bf4 18. h3 a5 19. a4 b5 20. Ne4 Nxe4 21. Qxe4 Rd5 22.
axb5 Rxb5 23. Bc3 Qb6 24. Kb2 Kb7 25. Ra1 Ra8 26. Ra4 Qe3 27. Qxe3 Bxe3 28. Re1 Bb6 29. Rea1 Ra7 30. Kc1 Rd5 31. Kd2 Rb5 32. Ke2 Rd5 33.
R1a2 Rc5 34. Bd2 Rd5 35. Kf3 Ra8 36. Be1 Rc5 37. Kg2 Rd5 38. Bxh4 Rd6 39. Be1 Rd5 40. Kf3 Rh8 41. h4 Rg8 42. h5 Rh8 43. Bxa5 Bc5 44. Bb4 Bb6 45. Be7 Rh6 46. Bf8 Rh7 47.
Rc4 Rd8 48. Bc5 Rd5 49. Bxb6 Kxb6 50. Ra8 Kb7 51. Rca4 Rc5 52. c4 Rg7 53. R4a7+ 1-0

[Event "*** SCC Grand Prix: Titled Tuesday Blitz"]
[Site "Chess.com"]
[Date "2020.08.25"]
[Round "8"]
[White "StellarChessPro"]
[Black "HanSchut"]
[Result "1-0"]
[WhiteElo "2501"]
[BlackElo "2279"]
[TimeControl "180+1"]
[EndTime "11:35:48 PDT"]
[Termination "StellarChessPro won by resignation"]

1. b3 e5 2. Bb2 Bd6 3. e3 Qe7 4. Na3 c6 5. Nc4 Bc7 6. d4 exd4 7. Qxd4 Nf6 8. Qh4 d5 9. Nd2 Be5 10. Bxe5 Qxe5 11. Qd4 Qe7 12. Bd3 O-O 13. Qh4 Re8 14.
Ngf3 Nbd7 15. O-O Nc5 16. Rfe1 Nxd3 17. cxd3 Bf5 18. d4 a5 19. a4 Qb4 20. Qf4 Bg6 21.
h3 Ne4 22. Nxe4 Rxe4 23. Qg3 Re7 24. Qh4 Rae8 25. Ne5 Qxb3 26. Nxg6 hxg6 27. Reb1 Qc2 28. Qg3 Qe4 29. Rb3 Qc2 30. Rbb1 Qc4 31. Qd6 f6 32.
Rb2 Kf7 33. Rab1 Qxa4 34. Rxb7 Rxb7 35. Rxb7+ Kg8 36. Qc7 Qd1+ 37. Kh2 1-0

[Event "*** SCC Grand Prix: Titled Tuesday Blitz"]
[Site "Chess.com"]
[Date "2020.08.25"]
[Round "8"]
[White "GustavoJuarezF"]
[Black "Larina_Marija"]
[Result "0-1"]
[WhiteElo "2055"]
[BlackElo "2081"]
[TimeControl "180+1"]
[EndTime "11:35:48 PDT"]
[Termination "Larina_Marija won on time"]

1. e4 d5 2. exd5 Qxd5 3. Nc3 Qa5 4. d4 Nf6 5. Bc4 Bf5 6. Bd2 Qb6 7. Bb3 Qxd4 8. Qe2 c6 9. Nf3 Qd8 10. Ne5 e6 11. g4 Bg6 12. h4 Bb4 13. h5 Bxc3 14. hxg6 Bxd2+ 15. Qxd2 Qxd2+ 16. Kxd2 fxg6 17. Nxg6 Rg8 18. Ne5 Ke7 19. Ke3 Na6 20. g5 Nd5+ 21. Bxd5 cxd5 22.
Rxh7 Nc5 23. Rah1 Ne4 24. f4 Ng3 25. R1h3 Nf5+ 26. Kd3 Rac8 27. c3 b5 28. b4 a6 29. a3 Nd6 30. Ng6+ Kf7 31. Nh8+ Kf8 32. Ng6+ Ke8 33. Ne5 Nc4 34. Nxc4 dxc4+ 35. Kd4 Ke7 36. Ke5 Rcd8 37. R3h6 Rd5+ 38. Ke4 Kd6 39. Rg6 Rd3 0-1

[Event "*** SCC Grand Prix: Titled Tuesday Blitz"]
[Site "Chess.com"]
[Date "2020.08.25"]
[Round "8"]
[White "HrvojeZagreb"]
[Black "Sn00pPawn"]
[Result "1-0"]
[WhiteElo "2169"]
[BlackElo "2005"]
[TimeControl "180+1"]
[EndTime "11:35:49 PDT"]
[Termination "HrvojeZagreb won on time"]

1. d4 d5 2. Bf4 e6 3. e3 c5 4.
Nc3 cxd4 5. exd4 a6 6. Bd3 Nc6 7.
Nce2 Qb6 8. Rb1 Nxd4 9. Nxd4 Bc5 10. Ngf3 Bd7 11. c3 O-O-O 12. O-O f6 13. b4 Bf8 14. a4 e5 15. a5 Qa7 16. Bg3 exd4 17.
cxd4 Ne7 18. Qc2+ Nc6 19. b5 axb5 20. Rxb5 Be7 21. Rc1 Rhe8 22. a6 bxa6 23. Rb8+ Qxb8 24. Bxb8 Kxb8 25. Bxa6 Kc7 26. Bb5 Rc8 27. Bxc6 Kd8 28. Qa4 Ba3 29. Qa5+ Ke7 30. Qxa3+ Kf7 31. Bxd7 1-0

[Event "*** SCC Grand Prix: Titled Tuesday Blitz"]
[Site "Chess.com"]
[Date "2020.08.25"]
[Round "8"]
[White "Shushik"]
[Black "CraiggoryC"]
[Result "1-0"]
[WhiteElo "2255"]
[BlackElo "2126"]
[TimeControl "180+1"]
[EndTime "11:35:51 PDT"]
[Termination "Shushik won by resignation"]

1. e4 e6 2. d4 d5 3. Nd2 Be7 4. Ngf3 Nf6 5. e5 Nfd7 6. Bd3 c5 7. c3 Nc6 8. O-O a5 9. Re1 cxd4 10. cxd4 Qb6 11.
Nf1 Nxd4 12. Nxd4 Qxd4 13. Be3 Qxe5 14. Bc5 Qxb2 15. Bxe7 Kxe7 16. Ne3 Rd8 17. Nxd5+ Kf8 18. Nc7 Rb8 19. Bxh7 Qb6 20. Rc1 g6 21. Bxg6 fxg6 22. Nxe6+ Kg8 23. Nxd8 Qxd8 24. Qd5+ Kg7 25. Qd6 Qf6 26.
Re7+ Kg8 27. Rxd7 Qxd6 28. Rxd6 Bf5 29. g4 Be4 30. Re1 Re8 31. f3 1-0

[Event "*** SCC Grand Prix: Titled Tuesday Blitz"]
[Site "Chess.com"]
[Date "2020.08.25"]
[Round "8"]
[White "juancruzarias"]
[Black "Volodar_Murzin"]
[Result "1-0"]
[WhiteElo "2369"]
[BlackElo "2616"]
[TimeControl "180+1"]
[EndTime "11:35:52 PDT"]
[Termination "juancruzarias won by resignation"]

1. e4 c6 2. Nc3 d5 3. Nf3 Bg4 4. h3 Bxf3 5. Qxf3 Nf6 6. g3 e6 7. d3 Bb4 8. Bd2 d4 9. Nb1 Qb6 10. Bg2 Bxd2+ 11. Nxd2 Qxb2 12. O-O Nbd7 13. Nc4 Qb4 14. e5 Nd5 15. Nd6+ Kd8 16. Qxf7 Nc3 17. Qxe6 Kc7 18. a3 Qc5 19. Nxb7 Qb5 20. Qd6+ Kxb7 21.
Qxd7+ Kb6 22. a4 Qc5 23. a5+ Ka6 24. Bxc6 Rab8 25. Bg2 Qxe5 26. Qc6+ 1-0

[Event "*** SCC Grand Prix: Titled Tuesday Blitz"]
[Site "Chess.com"]
[Date "2020.08.25"]
[Round "8"]
[White "el-roedor"]
[Black "sergivila"]
[Result "1-0"]
[WhiteElo "2617"]
[BlackElo "2437"]
[TimeControl "180+1"]
[EndTime "11:35:55 PDT"]
[Termination "el-roedor won by resignation"]

1. d4 Nf6 2. c4 e6 3. Nc3 Bb4 4.
e3 O-O 5. Bd2 d5 6. Nf3 c5 7. a3 Bxc3 8. Bxc3 Ne4 9. Rc1 Nc6 10.
dxc5 Nxc3 11. Rxc3 a5 12. cxd5 exd5 13. h3 Re8 14. Bb5 Bf5 15. O-O Be4 16. Nd4 Rc8 17.
Bxc6 bxc6 18. b4 axb4 19. axb4 Qg5 20. Qg4 Qe7 21. Ra1 Qb7 22. Ra4 Ra8 23. Rca3 Rxa4 24. Rxa4 h6 25. Qf4 Rd8 26. Qe5 Kf8 27. Kh2 Kg8 28.
Qf4 Bd3 29. Ra3 Be4 30. f3 Bg6 31. Ra4 Kf8 32. h4 Bd3 33. g4 Bb5 34. Ra1 Bd3 35. Ra3 Bc4 36. Ra4 Bb5 37. Ra5 Bc4 38. b5 cxb5 39. c6 Qb6 40. Ra1 b4 41. Ne6+ Ke7 42. Nxd8 Qxd8 43. Ra7+ 1-0

[Event "*** SCC Grand Prix: Titled Tuesday Blitz"]
[Site "Chess.com"]
[Date "2020.08.25"]
[Round "8"]
[White "crescentmoon2411"]
[Black "Violord"]
[Result "0-1"]
[WhiteElo "2760"]
[BlackElo "2669"]
[TimeControl "180+1"]
[EndTime "11:35:56 PDT"]
[Termination "Violord won on time"]

1. e4 g6 2. d4 Bg7 3. Nc3 c6 4.
f4 d5 5. e5 Nh6 6. h3 Nf5 7.
Nf3 Ng3 8. Rg1 f6 9. Be3 Qb6 10. Na4 Qa5+ 11. c3 fxe5 12. fxe5 Nxf1 13. Rxf1 O-O 14. Nc5 b6 15. Nd3 Ba6 16. Qd2 Bc4 17. b3 Bxb3 18. Ng5 Bc4 19. Rxf8+ Bxf8 20. Nb4 Qa3 21.
Rc1 Bh6 22. Qf2 Bxg5 23. Bxg5 Nd7 24. Nxc6 Rf8 25. Nxe7+ Kg7 0-1

[Event "*** SCC Grand Prix: Titled Tuesday Blitz"]
[Site "Chess.com"]
[Date "2020.08.25"]
[Round "8"]
[White "shnitez"]
[Black "26andrej26"]
[Result "1-0"]
[WhiteElo "2476"]
[BlackElo "2592"]
[TimeControl "180+1"]
[EndTime "11:35:57 PDT"]
[Termination "shnitez won on time"]

1. d4 Nf6 2. c4 g6 3. Nc3 Bg7 4. e4 d6 5. Nf3 O-O 6. Be2 e5 7. O-O Nc6 8. d5 Ne7 9. Bg5 h6 10. Bxf6 Bxf6 11. b4 a5 12. a3 Bg7 13. c5 f5 14. Bd3 fxe4 15. Bxe4 Nf5 16. Qd3 Bd7 17.
c6 bxc6 18. dxc6 Bc8 19. b5 Rb8 20. a4 Ne7 21. Nd5 Nxd5 22. Qxd5+ Kh7 23. Rab1 Rf4 24. Nd2 Qg5 25. f3 Rf6 26. Qd3 Be6 27. Bd5 e4 28. Bxe4 d5 29. h4 Qxh4 30. Bxd5 Bxd5 31. Qxd5 Rd6 32.
Qe4 Rxd2 33. Qxh4 1-0

[Event "*** SCC Grand Prix: Titled Tuesday Blitz"]
[Site "Chess.com"]
[Date "2020.08.25"]
[Round "8"]
[White "creativity"]
[Black "ShahMatKanal"]
[Result "0-1"]
[WhiteElo "2033"]
[BlackElo "2445"]
[TimeControl "180+1"]
[EndTime "11:35:58 PDT"]
[Termination "ShahMatKanal won on time"]

1. d4 f5 2. e4 e6 3. Nc3 d5 4. e5 c5 5. Bb5+ Nc6 6. Nf3 Bd7 7. O-O a6 8. Bxc6 bxc6 9. dxc5 Bxc5 10. Na4 Ba7 11. b4 Ne7 12. Bb2 Rb8 13. Bd4 Rxb4 14.
c3 Rb7 15. Bxa7 Rxa7 16. Nc5 Nc8 17. Rb1 Qe7 18. Qd4 O-O 19. Rb8 a5 20. a4 Rc7 21.
Rfb1 h6 22. R1b7 Rxb7 23. Rxb7 Rd8 24. Qd3 Qxc5 25. Nd4 Nb6 0-1

[Event "*** SCC Grand Prix: Titled Tuesday Blitz"]
[Site "Chess.com"]
[Date "2020.08.25"]
[Round "8"]
[White "Nafania1"]
[Black "labdalla"]
[Result "1/2-1/2"]
[WhiteElo "2443"]
[BlackElo "2269"]
[TimeControl "180+1"]
[EndTime "11:35:59 PDT"]
[Termination "Game drawn by repetition"]

1. e4 c5 2. Nf3 d6 3. Bb5+ Bd7 4. Bxd7+ Qxd7 5. c4 Nc6 6. d4 cxd4 7. Nxd4 Nf6 8. Nc3 e6 9. O-O Be7 10. Be3 a6 11.
Qe2 O-O 12. Rad1 Qc7 13. f4 Rac8 14. b3 Qa5 15. Qd3 Ng4 16. Nxc6 Rxc6 17. Bd4 Qh5 18. h3 Nf6 19. e5 dxe5 20. fxe5 Nd7 21. Qf3 Qxf3 22.
Rxf3 Bc5 23. Bxc5 Nxc5 24. b4 Ne4 25. Nxe4 Rxc4 26. Nc5 Rxb4 27. Rd7 Rb5 28. Nxb7 Rxe5 29. a4 f6 30. Rd6 Rb8 31. Rd7 Rd5 32. Rc7 e5 33.
Rg3 g6 34. Rf3 f5 35. Kh2 e4 36. Rfc3 f4 37. Re7 e3 38. Rcc7 Rd2 39. Rg7+ Kh8 40.
Rxh7+ Kg8 41. Rcg7+ Kf8 42. Rf7+ Kg8 43. Rfg7+ Kf8 44. Rc7 Kg8 45. Rhg7+ Kh8 46. Rh7+ Kg8 1/2-1/2

[Event "*** SCC Grand Prix: Titled Tuesday Blitz"]
[Site "Chess.com"]
[Date "2020.08.25"]
[Round "8"]
[White "PaulfromSPb"]
[Black "wonderfultime"]
[Result "0-1"]
[WhiteElo "2684"]
[BlackElo "2896"]
[TimeControl "180+1"]
[EndTime "11:36:00 PDT"]
[Termination "wonderfultime won by checkmate"]

1. e4 c5 2. Ne2 g6 3. g3 Bg7 4.
Bg2 Nc6 5. c3 e5 6. O-O Nge7 7.
d3 d6 8. Nd2 O-O 9. a4 Be6 10.
Nc4 d5 11. Ne3 d4 12. Nc2 Qd7 13. c4 f5 14. f3 Rf7 15. Bd2 a5 16. Na3 Raf8 17.
Nb5 b6 18. Qc2 fxe4 19. fxe4 Bg4 20. Bg5 h6 21. Bxe7 Qxe7 22. Qd2 h5 23. Rxf7 Rxf7 24. Rf1 Kh7 25. Rxf7 Qxf7 26. h3 Bh6 27. Qe1 Be3+ 28. Kh2 Be6 29. Ng1 Nb4 30. Qe2 h4 31. gxh4 Qf4+ 32. Kh1 Qxh4 33. Nf3 Qg3 34. Qf1 Bf4 35. Nc7 Bd7 36. Nd5 Kg7 37. b3 Nc2 38. Qe2 Ne3 39. Nxe3 dxe3 40. Ng1 Qh2# 0-1

[Event "*** SCC Grand Prix: Titled Tuesday Blitz"]
[Site "Chess.com"]
[Date "2020.08.25"]
[Round "8"]
[White "Makswolf200817"]
[Black "The_Chess_Coach"]
[Result "0-1"]
[WhiteElo "2380"]
[BlackElo "2227"]
[TimeControl "180+1"]
[EndTime "11:36:02 PDT"]
[Termination "The_Chess_Coach won by checkmate"]

1. d4 e6 2. c4 Nf6 3. g3 c5 4. d5 exd5 5. cxd5 g6 6. Nc3 Bg7 7. Bg2 O-O 8. Nh3 d6 9. Nf4 b5 10. Nxb5 Qa5+ 11. Nc3 Ba6 12. O-O Re8 13. Nd3 Nbd7 14.
Bf4 Qc7 15. Qa4 Bxd3 16. exd3 Ne5 17. d4 cxd4 18. Qxd4 Rab8 19. Rac1 Qa5 20. b3 Nh5 21. Qa4 Qxa4 22. Nxa4 Nxf4 23. gxf4 Nd3 24. Rc7 a5 25. f5 gxf5 26. Rc6 Bd4 27. Rxd6 Nxf2 28. Rc6 Re2 29.
Rc4 Be3 30. Bf3 Rd2 31. Rc3 Ng4+ 32. Kh1 Rxh2# 0-1